 Dungeon Crawl Stone Soup version 0.21-a0-513-gdcb3f5e (webtiles) character file.

256 Spazmo the Conjurer (level 5, -13/28 HPs)
             Began as a Deep Elf Conjurer on Dec 2, 2017.
             Mangled by an orc warrior
             ... wielding a +0 war axe
              (22 damage)
             ... on level 4 of the Dungeon.
             The game lasted 00:08:00 (3251 turns).

Spazmo the Conjurer (Deep Elf Conjurer)             Turns: 3251, Time: 00:08:00

Health: -13/28     AC:  3    Str:  5    XL:     5   Next: 92%
Magic:  4/14       EV: 13    Int: 21    God:
Gold:   154        SH:  4    Dex: 15    Spells: 5/14 levels left

rFire    . . .     SeeInvis .   s - +2 dagger (speed)
rCold    . . .     Gourm    .   f - +0 buckler
rNeg     . . .     Faith    .   a - +1 robe
rPois    .         Spirit   .   (no helmet)
rElec    .         Reflect  .   e - scarf {cloud immunity}
rCorr    .         Harm     .   (no gloves)
MR       .....                  (no boots)
Stlth    ++........             (no amulet)
HPRegen  0.09/turn              (no ring)
MPRegen  0.14/turn              (no ring)

@: no status effects
A: no striking features
a: no special abilities


You were on level 4 of the Dungeon.
You were not hungry.

You visited 1 branch of the dungeon, and saw 4 of its levels.

You collected 154 gold pieces.

Inventory:

Hand Weapons
 s - a +2 dagger of speed (weapon)
 w - a +0 blowgun
Missiles
 j - 21 stones (quivered)
 x - 13 poisoned needles
Armour
 a - a +1 robe (worn)
 e - a scarf of cloud immunity (worn)
 f - a +0 buckler (worn)
Wands
 y - a wand of digging (18)
Scrolls
 o - 3 scrolls of remove curse
 q - a scroll of teleportation
 r - a scroll of enchant armour
 u - 4 scrolls of identify
 A - a scroll of magic mapping
Potions
 d - a potion of ambrosia
 h - a potion of heal wounds
 i - a potion of berserk rage {unknown}
 k - a potion of mutation {unknown}
 l - a potion of curing
 n - 2 potions of haste {unknown}
Books
 b - a book of Conjurations

   Spells                             Type                      Level
   a - Magic Dart                     Conjuration                  1
   b - Searing Ray                    Conjuration                  2
   c - Dazzling Spray                 Conjuration/Hexes            3
   d - Fulminant Prism                Conjuration/Hexes            4
   e - Force Lance                    Conjuration/Translocation    4
   f - Iskenderun's Mystic Blast      Conjuration                  4
 v - a book of Geomancy

   Spells                             Type                      Level
   a - Sandblast                      Earth                        1
   b - Passwall                       Transmutation/Earth          2
   c - Stone Arrow                    Conjuration/Earth            3
   d - Petrify                        Transmutation/Earth          4
   e - Lee's Rapid Deconstruction     Earth                        5
 z - a book of Necromancy

   Spells                             Type                      Level
   a - Pain                           Necromancy                   1
   b - Animate Skeleton               Necromancy                   1
   c - Vampiric Draining              Necromancy                   3
   d - Regeneration                   Charms/Necromancy            3
   e - Animate Dead                   Necromancy                   4
   f - Control Undead                 Necromancy                   4
 B - a book of Minor Magic

   Spells                             Type                      Level
   a - Magic Dart                     Conjuration                  1
   b - Blink                          Translocation                2
   c - Call Imp                       Summoning                    2
   d - Slow                           Hexes                        2
   e - Conjure Flame                  Conjuration/Fire             3
   f - Mephitic Cloud                 Conjuration/Poison/Air       3
Comestibles
 c - 2 bread rations
 g - 2 royal jellies
 m - 2 meat rations
 p - 3 fruits
 t - 2 chunks of flesh


   Skills:
 - Level 3.0 Dodging
 - Level 3.0 Stealth
 + Level 2.0 Shields
 + Level 5.2 Spellcasting
 + Level 5.6 Conjurations
 + Level 0.0 Translocations
 + Level 1.2 Earth Magic


You had 5 spell levels left.
You knew the following spells:

 Your Spells              Type           Power        Failure   Level  Hunger
a - Magic Dart            Conj           ####         1%          1    None
b - Searing Ray           Conj           ####..       1%          2    None
c - Sandblast             Erth           ##....       9%          1    None
d - Stone Arrow           Conj/Erth      ###...       10%         3    ##.....
e - Blink                 Tloc           N/A          21%         2    None


Dungeon Overview and Level Annotations

Branches:
Dungeon (4/15)
 Temple: D:4-7

Altars:
Xom


Message History

You finish channeling your searing ray.
The orc warrior barely misses you.
Casting: Searing Ray
Confirm with . or Enter, or press ? or * to list all spells.
Aiming: Sandblast
Press: ? - help, Shift-Dir - straight line, f/p - orc warrior
Aim: an orc warrior, wielding a war axe and wearing a chain mail (severely wounded)
The blast of sand hits the orc warrior.
The orc warrior is severely wounded.
j - 22 stones
Casting: Sandblast
Confirm with . or Enter, or press ? or * to list all spells.
Aiming: Sandblast
Press: ? - help, Shift-Dir - straight line, f/p - orc warrior
Aim: an orc warrior, wielding a war axe and wearing a chain mail (severely wounded)
The blast of sand hits the orc warrior.
The orc warrior is severely wounded.
j - 21 stones The orc warrior hits you with a war axe!!
Ouch! That really hurt!
You die...

### #≈≈♣♣♣≈≈≈♣♣♣≈≈≈♣♣♣≈.≈♣♣♣≈
#≈≈≈≈≈≈.≈≈≈≈≈≈≈≈≈≈≈≈≈≈≈≈≈
##..≈≈.≈≈≈...≈......≈≈≈≈..
###..##....#######.....#####
##...####....## #.#####
##...## #......## ##.#
##...## #.###...###..#
##...######.####......##
#.............o@....###
#...#.####.....####...##
...##.# ##...##.%#....## ..#
#.# ##.##...#.....## # .# #.#
#.#...##.#....######## # #..
+#.#).##.........##....
#...###...###.............###
........8..............####
..###...###..........#


You could see an orc warrior.

Vanquished Creatures
  2 orc priests (D:3)
  2 worker ants (D:4)
  A hound skeleton (D:4)
  3 gnolls (D:3)
  4 adders
  An ooze (D:1)
  A dart slug (D:1)
  3 leopard geckos
  8 orcs
  A ball python (D:1)
  3 bats
  4 giant cockroaches
  6 goblins
  2 hobgoblins
  6 jackals
  A quokka (D:3)
  2 frilled lizards
  7 kobolds
  A leopard gecko skeleton (D:4)
  A quokka skeleton (D:4)
  4 rats
63 creatures vanquished.

Notes
Turn   | Place    | Note
-------+----------+-------------------------------------------
     0 | D:1      | Spazmo the Deep Elf Conjurer began the quest for the Orb.
     0 | D:1      | Reached XP level 1. HP: 10/10 MP: 6/6
   198 | D:1      | Reached XP level 2. HP: 15/15 MP: 0/8
   202 | D:1      | Learned a level 2 spell: Searing Ray
  1152 | D:2      | Reached XP level 3. HP: 19/19 MP: 2/10
  1599 | D:3      | Reached skill level 5 in Conjurations
  1599 | D:3      | Reached XP level 4. HP: 24/24 MP: 3/12
  1836 | D:3      | Found a shimmering altar of Xom.
  1920 | D:3      | Reached skill level 1 in Shields
  2161 | D:3      | Reached XP level 5. HP: 28/28 MP: 8/14
  2821 | D:4      | Learned a level 1 spell: Sandblast
  2825 | D:4      | Learned a level 3 spell: Stone Arrow
  2912 | D:4      | Learned a level 2 spell: Blink
  2916 | D:4      | Reached skill level 5 in Spellcasting
  2992 | D:4      | Reached skill level 1 in Earth Magic
  3234 | D:4      | Noticed an orc warrior
  3251 | D:4      | Mangled by an orc warrior

Vault maps used:
D:1:      minmay_arrival_nine_rooms
D:3:      lemuel_coloured_pillars_altar
D:4:      cheibrodos_barr_body, temple_statues, kennysheep_boxes, uniq_menkaure

Skill      XL: |  1  2  3  4  5 |
---------------+----------------+-----
Stealth        | 3 |  3.0
Dodging        | 3 |  3.0
Spellcasting   | 4 5 |  5.2
Conjurations   | 5 |  5.6
Shields        | 1 2 |  2.0
Earth Magic    | 1 |  1.2

Action                   |  1- 3 |  4- 6 || total
-------------------------+-------+-------++-------
Melee: Unarmed           |     8 |       ||     8
       Dagger            |       |    17 ||    17
 Cast: Magic Dart        |    69 |    90 ||   159
       Searing Ray       |       |     3 ||     3
       Sandblast         |       |     2 ||     2
  Use: Potion            |     1 |     1 ||     2
       Scroll            |     8 |     2 ||    10
  Eat: Chunk             |     1 |     6 ||     7
Armor: Robe              |     2 |       ||     2
Dodge: Dodged            |    18 |    14 ||    32
Block: Buckler           |       |     3 ||     3

Table legend:
 A = Spawn XP
 B = Non-spawn XP
 C = Spawn XP percentage of total XP
 D = Spawn monster count
 E = Non-spawn monster count
 F = Spawn count percentage of total count
 G = Total turns spent on level
                    A         B        C        D         E        F      G
               +---------+---------+-------+---------+---------+-------+---------
         Total |       0 |     367 |   0.0 |       0 |      63 |   0.0 |  3251
               +---------+---------+-------+---------+---------+-------+---------
           D:1 |       0 |      37 |   0.0 |       0 |      18 |   0.0 |  1121
           D:2 |       0 |      16 |   0.0 |       0 |      10 |   0.0 |   448
           D:3 |       0 |     180 |   0.0 |       0 |      19 |   0.0 |   979
           D:4 |       0 |     134 |   0.0 |       0 |      16 |   0.0 |   703
               +---------+---------+-------+---------+---------+-------+---------
